 Dungeon Crawl Stone Soup version 0.30-a0-29-g142975f185 (webtiles) character file.

Game seed: 17317035558601880934

65 purpskrrrp the Firebug (level 4, 0/30 HPs)
             Began as a Human Fire Elementalist on Aug 26, 2022.
             Killed from afar by Ijyb (4 damage)
             ... with a puff of flame
             ... on level 3 of the Dungeon.
             The game lasted 00:08:09 (2763 turns).

purpskrrrp the Firebug (Human Fire Elementalist)    Turns: 2763, Time: 00:08:09

Health: 0/30       AC:  3    Str: 14    XL:     4   Next: 34%
Magic:  7/7        EV: 12    Int: 18    God:
Gold:   112        SH:  0    Dex: 13    Spells: 6/7 levels left

rFire   . . .      SeeInvis .    h - staff of earth
rCold   . . .      Faith    .    (no shield)
rNeg    . . .      Spirit   .    a - +0 robe
rPois   .          Reflect  .    (no helmet)
rElec   .          Harm     .    (no cloak)
rCorr   .          Rampage  .    g - +0 pair of gloves
Will    .....                    (no boots)
Stlth   ++........               (no amulet)
HPRegen 0.10/turn                c - +6 ring of strength
MPRegen 0.10/turn                (no ring)

@: hasted, very quick
A: no striking features
a: no special abilities


You were on level 3 of the Dungeon.
You visited 1 branch of the dungeon, and saw 3 of its levels.

You collected 112 gold pieces.

Inventory:

Armour
 a - a +0 robe (worn)
 g - a +0 pair of gloves (worn)
Magical Staves
 h - a staff of earth (weapon)
Jewellery
 c - a +6 ring of strength (left hand)
Scrolls
 d - 3 scrolls of identify {unknown}
 i - a scroll of teleportation {unknown}
 j - a scroll of silence {unknown}
 k - a scroll of summoning {unknown}
 l - a scroll of noise {unknown}
 m - a scroll of enchant weapon {unknown}
Potions
 f - a potion of heal wounds {unknown}


   Skills:
 + Level 0.4 Staves
 + Level 2.4 Dodging
 - Level 2.0 Stealth
 + Level 2.4 Spellcasting
 + Level 1.6 Conjurations
 * Level 3.7 Fire Magic
 + Level 0.8 Evocations


You had 6 spell levels left.
You knew the following spells:

 Your Spells              Type           Power      Damage    Failure   Level
a - Foxfire               Conj/Fire      44%        2x1d6     6%          1

Your spell library contained the following spells:

 Spells                   Type           Power      Damage    Failure   Level
 Scorch                   Fire           30%        2d6       5%          2
 Conjure Flame            Conj/Fire      11%        6-21      17%         3
 Inner Flame              Hex/Fire       8%         N/A       24%         3
 Ozocubu's Armour         Ice            2%         N/A       45%         3
 Tukima's Dance           Hex            2%         N/A       45%         3
 Flame Wave               Conj/Fire      11%        2d6       50%         4
 Passage of Golubria      Tloc           2%         N/A       86%         4
 Metabolic Englaciation   Hex/Ice        1%         N/A       99%         5
 Yara's Violent Unravell  Hex/Tmut       1%         3d3       99%         5
 Simulacrum               Ice/Necr       1%         N/A       100%        6


Dungeon Overview and Level Annotations

Branches:
Dungeon (3/15)

Altars:
Dithmenos
Hepliaklqana

Annotations:
D:3 Ijyb


Message History

Ijyb is lightly wounded.
The foxfire hits the endoplasm.
You kill the endoplasm!
Ijyb zaps a wand.
The puff of flame hits you!
You are too injured to fight recklessly!
Your foxfire dissipates!
The foxfire hits Ijyb.
Ijyb is moderately wounded.
You are too injured to fight recklessly!
Casting: Foxfire (safe; 6% risk of failure)
Press: ? - help, Q - select action Dir - look around, f - activate Look: Ijyb, wielding a +0 dagger, wearing a +0 leather armour and carrying a wand of flame (7) (moderately wounded)
You conjure some foxfire!
Ijyb misses you. Magic courses through your body.
The foxfire hits Ijyb but does no damage.
Ijyb is moderately wounded.
The foxfire hits Ijyb.
Ijyb is moderately wounded.
Ijyb hits you with a +0 dagger.
You are too injured to fight recklessly!
Hit: h) staff of earth
Press: ? - help, Dir - move target, f/p - Ijyb
Aim: Ijyb, wielding a +0 dagger, wearing a +0 leather armour and carrying a wand of flame (7) (moderately wounded, about 47% to evade your staff of earth)
You hit Ijyb but do no damage.
Ijyb is moderately wounded.
Ijyb closely misses you.
Casting: Foxfire (safe; 6% risk of failure)
Press: ? - help, Q - select action Dir - look around, f - activate You conjure some foxfire!
Ijyb zaps a wand.
The puff of flame hits you!
* * * LOW HITPOINT WARNING * * *
It was a potion of haste.
You feel yourself speed up.
The foxfire hits Ijyb.
Ijyb is heavily wounded.
The foxfire hits Ijyb.
Ijyb is heavily wounded.
Ijyb completely misses you.
Okay, then.
Ijyb zaps a wand.
The puff of flame hits you.
You die...

.##.##..#####.# #.##
.)......# #.# #..## .##.###.#
##+# ####...#### ........#
##[..# #.........#
###.#######.....##
#.###.###.# ##.## #....)..##
##.###.# #.# ##...#
.........####...##.# #.#
...#....+.......g.'.........#
#.#
.....####.......@.####...#.##
#.# .##.## #.......## ##.##.#
#.# .# ## ##.....##
#.##.####.# .# ##...#
#.........# .# ##+#
####.###### .# #.# .. #.# #.#
#.#


You could see Ijyb.

Vanquished Creatures
  2 adders
  A worm (D:3)
  An orc (D:3)
  3 ball pythons
  7 endoplasms
  A giant cockroach (D:1)
  2 goblins
  3 hobgoblins
  6 jackals
  5 bats (D:1)
  A frilled lizard (D:2)
  3 kobolds (D:1)
  4 rats
39 creatures vanquished.

Vanquished Creatures (others)
  118 foxfires
118 creatures vanquished.

Grand Total: 157 creatures vanquished

Notes
Turn   | Place    | Note
-------+----------+-------------------------------------------
     0 | D:1      | purpskrrrp the Human Fire Elementalist began the quest for
                  | the Orb.
     0 | D:1      | Reached XP level 1. HP: 13/13 MP: 3/3
   156 | D:1      | Reached XP level 2. HP: 19/19 MP: 3/5
   694 | D:1      | Reached XP level 3. HP: 24/24 MP: 3/6
   753 | D:1      | Found a faded altar of an unknown god.
  2270 | D:3      | Noticed a shadow
  2273 | D:3      | Found a shadowy altar of Dithmenos.
  2274 | D:3      | Found a hazy altar of Hepliaklqana.
  2436 | D:3      | Reached XP level 4. HP: 30/30 MP: 0/7
  2729 | D:3      | Noticed Ijyb
  2763 | D:3      | Killed from afar by Ijyb

Illustrated notes

Levels and vault maps discovered:
D:1:      evilmike_arrival_home_sweet_home, layout_basic,
          shapermc_ecumenical_altar_notcrosses, minmay_box_of_dots
D:2:      layout_loops_cross
D:3:      layout_loops_corners, riverfiend_overflow_shadow_ancestor,
          fedhas_altar_4, uniq_ijyb, uniq_terence

Action                   |  1- 3 |  4- 6 || total
-------------------------+-------+-------++-------
Melee: Unarmed           |    21 |       ||    21
       Punch             |     1 |       ||     1
       Staff             |    16 |     2 ||    18
 Cast: Foxfire           |    59 |    19 ||    78
  Use: Scroll            |     1 |       ||     1
       Potion            |       |     2 ||     2
Armor: Robe              |    19 |     1 ||    20
Dodge: Dodged            |    54 |     4 ||    58

Table legend: (Time is in decaauts)
 A = Elapsed time spent in this place.
 B = Non-inter-level travel time spent in this place.
 C = Inter-level travel time spent in this place.
 D = Time resting spent in this place.
 E = Time spent auto-exploring this place.
 F = Levels seen in this place.
 G = Mean time per level.
                   A        B        C        D        E       F      G
               +--------+--------+--------+--------+--------+-----+--------+
         Total |   2764 |   2481 |    283 |     79 |   2073 |   3 |  921.3 |
       Dungeon |   2764 |   2481 |    283 |     79 |   2073 |   3 |  921.3 |
               +--------+--------+--------+--------+--------+-----+--------+

Top non-repeatable levels by time:
     D:1: 1146 daAuts
     D:2: 1037 daAuts
     D:3: 580 daAuts
